 Dungeon Crawl Stone Soup version 0.31.0-2-g5a2aebc5c2 (webtiles) character file.

Game seed: 9202472493338040471

61 Megalobster the Chopper (level 3, -1/39 (46) HPs)
             Began as a Minotaur Berserker on Jan 21, 2024.
             Was a Believer of Trog.
             Killed from afar by an orc wizard (5 damage)
             ... with a magic dart
             ... on level 3 of the Dungeon.
             The game lasted 00:03:53 (1380 turns).

Megalobster the Chopper (Minotaur Berserker)        Turns: 1380, Time: 00:03:53

HP:   -1/39 (46)    AC:  3    Str: 23    XL:     3   Next: 83%
MP:   2/2           EV: 11    Int:  4    God:    Trog [**....]
Gold: 50            SH:  0    Dex:  9    Spells: 2/2 levels left

rFire   . . .        a - +0 hand axe
rCold   . . .        (no shield)
rNeg    . . .        c - +0 leather armour
rPois   .            (helmet restricted)
rElec   .            (no cloak)
rCorr   .            (no gloves)
SInv    .            (no boots)
Will    ++...        (no amulet) Stlth
                     d - ring of willpower
HPRegen 0.26/turn    i - ring of willpower
MPRegen 0.08/turn

%: no passive effects
@: berserking, heavily drained, very quick
A: horns 2, retaliatory headbutt
a: Renounce Religion, Berserk, Trog's Hand


You were on level 3 of the Dungeon.
You worshipped Trog.
Trog was pleased with you.
You visited 1 branch of the dungeon, and saw 3 of its levels.

You collected 50 gold pieces.

Inventory:

Hand Weapons
 a - a +0 hand axe (weapon)
 g - a +2 mace of draining
Armour
 b - a +0 animal skin
 c - a +0 leather armour (worn)
Jewellery
 d - a ring of willpower (left hand)
 i - a ring of willpower (right hand)
Scrolls
 h - a scroll of fog
 k - 2 scrolls of identify {@r1}
 l - a scroll of summoning {unknown}
 m - a scroll of enchant armour
 n - a scroll of noise {unknown}
 o - a scroll of enchant weapon {unknown}
Potions
 e - a potion of heal wounds
 f - a potion of cancellation
 j - 2 potions of brilliance


   Skills:
 - Level 3.6 Fighting
 * Level 5.8 Axes
 - Level 2.4 Armour
 - Level 2.1 Dodging


You had 2 spell levels left.
You didn't know any spells.
Your spell library was empty.

Dungeon Overview and Level Annotations

Branches:
Dungeon (3/15)

Altars:


Innate Abilities, Weirdness & Mutations

You have a pair of horns on your head.
You reflexively headbutt those who attack you in melee.


Message History

Things that are here:
a +0 hand axe; an orc corpse You hit the orc.
You kill the orc!
Trog accepts your kill.
You hit something. Something hits you.
You feel drained.
Your life force feels restored.
You barely miss the orc. You barely miss something. The orc misses you.
You furiously retaliate!
You headbutt the orc!
You kill the orc!
Trog accepts your kill. Something hits you but does no damage.
You feel drained.
Your life force feels restored.
You barely miss something. Something hits you but does no damage.
You feel drained.
You hit something. Your headbutt misses something. Something hits you.
You feel drained.
You completely miss something.
You hear some strange, mumbled words.
A puff of flame appears from out of thin air!
The puff of flame misses you.
You closely miss something. Your headbutt misses something. Something hits you.
You feel drained.
You miss something.
You hear some strange, mumbled words.
A puff of flame appears from out of thin air!
The puff of flame hits you!
* * * LOW HITPOINT WARNING * * *
You barely miss something. Something hits you.
* * * LOW HITPOINT WARNING * * *
You feel drained.
* * * LOW HITPOINT WARNING * * *
You slash something! Your headbutt misses something.
Something hits you but does no damage.
You feel drained.
A red film seems to cover your vision as you go berserk!
You feel yourself moving faster!
You feel mighty!
You hear some strange, mumbled words.
A magic dart appears from out of thin air!
The magic dart hits you.
You die...

########
#......#
#.#....#
#.#...##
#..<...#
#.##.###
#@##.#
#...){##.#
#<#...##.#
#.####.#
#. #.# #.
..# # .##


There were no monsters in sight!

Vanquished Creatures
  2 adders (D:2)
  A ribbon worm (D:2)
  3 orcs (D:3)
  3 endoplasms (D:1)
  A giant cockroach (D:1)
  A goblin (D:1)
  3 hobgoblins
  4 jackals (D:1)
  5 kobolds
  2 quokkas (D:2)
  2 ball pythons
  5 bats
  2 frilled lizards
  2 rats (D:1)
36 creatures vanquished.

Notes
Turn   | Place    | Note
-------+----------+-------------------------------------------
     0 | D:1      | Megalobster the Minotaur Berserker began the quest for the
                  | Orb.
     0 | D:1      | Reached XP level 1. HP: 19/19 MP: 0/0
    85 | D:1      | Reached skill level 4 in Axes
   247 | D:1      | Reached XP level 2. HP: 8/26 MP: 1/1
   568 | D:1      | Reached skill level 5 in Axes
   660 | D:1      | Reached ** piety under Trog
   799 | D:2      | Reached XP level 3. HP: 31/31 MP: 2/2
  1380 | D:3      | Killed from afar by an orc wizard

Illustrated notes

Levels and vault maps discovered:
D:1:      lightli_arrival_maybe_door_vault, layout_basic, st_stairs_1
D:2:      layout_loops_ring
D:3:      layout_loops_ring, nicolae_overflow_hidden_temple,
          shapermc_ecumenical_altar_mp_highgroup,
          hellmonk_ghost_happy_afterlife, uniq_sigmund

Skill      XL: |  1  2 |
---------------+-------+-----
Axes           | 4 5 |  5.8
Fighting       | |  3.6
Armour         | |  2.4
Dodging        | |  2.1

Action                     || total
---------------------------++-------
  Melee: Hand axe          ||    83
         Headbutt          ||    14
         Punch             ||     1
 Invoke: Berserk           ||     2
    Use: Scroll            ||     5
 Armour: Leather armour    ||    59
         Skin              ||     1
  Dodge: Dodged            ||    45
